 Dungeon Crawl Stone Soup version 0.28-a0-514-g0d7ab7f (webtiles) character file.

Game seed: 2426165718101019550

525 Think the Cutter (level 7, -4/46 HPs)
             Began as an Octopode Fighter on Sept 22, 2021.
             Slain by Ijyb (5 damage)
             ... while paralysed by Ijyb
             ... on level 4 of the Dungeon.
             The game lasted 00:07:45 (3355 turns).

Think the Cutter (Octopode Fighter)                 Turns: 3355, Time: 00:07:45

Health: -4/46      AC:  5    Str: 17    XL:     7   Next: 22%
Magic:  6/7        EV:  2    Int: 11    God:
Gold:   110        SH:  0    Dex: 11    Spells: 4/6 levels left

rFire   . . .      SeeInvis .   a - +0 rapier
rCold   . . .      Faith    .   b - +0 buckler
rNeg    . . .      Spirit   .   (helmet restricted)
rPois   .          Reflect  .   (no amulet)
rElec   .          Harm     .   j - +4 ring of protection
rCorr   .          Rampage  .   (no ring)
Will    .....                   (no ring)
Stlth   ++........              (no ring)
HPRegen 0.15/turn               (no ring)
MPRegen 0.10/turn               (no ring)
                                (no ring)
                                (no ring)

@: paralysed
A: almost no armour, amphibious, 8 rings, camouflage 1, gelatinous body 1,
(nimble swimmer 1), tentacles
a: no special abilities


You were on level 4 of the Dungeon.
You visited 1 branch of the dungeon, and saw 4 of its levels.

You collected 110 gold pieces.

Inventory:

Hand Weapons
 a - a +0 rapier (weapon)
Armour
 b - a +0 buckler (worn)
Jewellery
 c - a ring of poison resistance
 j - a +4 ring of protection (left tentacle)
Scrolls
 d - a scroll of torment {unknown}
 e - 2 scrolls of teleportation {unknown}
 f - 4 scrolls of identify {unknown}
 g - a scroll of magic mapping {unknown}
 h - a scroll of brand weapon {unknown}
 i - a scroll of amnesia {unknown}


   Skills:
 - Level 3.0 Fighting
 + Level 7.7 Short Blades
 - Level 3.0 Dodging
 - Level 3.0 Shields


You had 4 spell levels left.
You knew the following spells:

 Your Spells              Type           Power      Damage    Failure   Level
a - Searing Ray           Conj           0%         2d4       52%         2

Your spell library contained the following spells:

 Spells                   Type           Power      Damage    Failure   Level
 Magic Dart               Conj           0%         1d3       36%         1
 Fulminant Prism          Conj/Hex       0%         3d6       98%         4


Dungeon Overview and Level Annotations

Branches:
Dungeon (4/15)
 Temple: D:4-7

Altars:
Fedhas
Zin

Annotations:
D:4 Ijyb


Innate Abilities, Weirdness & Mutations

You cannot wear most types of armour.
You are amphibious.
You can wear up to eight rings at the same time.
Your skin changes colour to match your surroundings (Stealth+).
Your rubbery body absorbs attacks. (AC +1, EV +1)
((You are camouflaged near water. (Stealth+)))
You have tentacles for arms and can constrict up to eight enemies at once.


Message History

Confirm with . or Enter, or press ? or * to list all spells.
Aiming: Searing Ray (dangerous; 52% risk of failure)
Press: ? - help, Shift-Dir - straight line, f - Ijyb
Aim: Ijyb, wielding a +6 dagger of electrocution, wearing a +2 leather armour of willpower and carrying a wand of paralysis (10) (67% to hit)
Okay, then.
You aren't carrying any potions.
You aren't carrying any potions.
You aren't carrying any potions.
You aren't carrying any potions.
Okay, then.
You aren't carrying any potions.
You aren't carrying any potions.
Okay, then.
You aren't carrying any potions.
Unknown command.
Sorry, you're not good enough to have a special ability.
Unknown command.
Casting: Searing Ray (dangerous; 52% risk of failure)
Confirm with . or Enter, or press ? or * to list all spells.
Aiming: Searing Ray (dangerous; 52% risk of failure)
Press: ? - help, Shift-Dir - straight line, f - Ijyb
Aim: Ijyb, wielding a +6 dagger of electrocution, wearing a +2 leather armour of willpower and carrying a wand of paralysis (10) (67% to hit)
You miscast Searing Ray.
You are very lightly contaminated with residual magic.
A wave of violent energy washes through your body.
You closely miss Ijyb. You grab Ijyb. You constrict Ijyb, but do no damage.
Ijyb zaps a wand.
You suddenly lose the ability to move!
You lose your grip on Ijyb.
Ijyb hits you but does no damage.
You are electrocuted!
Ijyb hits you with a +6 dagger of electrocution!
You can move again.
Unknown command.
Ijyb zaps a wand.
You suddenly lose the ability to move!
Ijyb zaps a wand.
You shrug off the repeated paralysis!
Your magical contamination has completely faded away.
Ijyb hits you with a +6 dagger of electrocution.
Ijyb hits you but does no damage.
You are electrocuted!
* * * LOW HITPOINT WARNING * * *
Ijyb hits you with a +6 dagger of electrocution.
You die...

#.. #.# #.# #.# #.# #.#
#### #.# ..####
#.#################.#...
##.#...g@.............###
#....#######.....##...# #
#............###.#.#..###
#....######### #..###....
####.# ###.#.#### #.#
##.## #.# #.# #.# #.# #.#
#.#


You could see Ijyb.

Vanquished Creatures
  Grinder (D:4)
  A necrophage (D:4)
  A scorpion (D:4)
  An orc priest (D:4)
  A jelly (D:4)
  3 gnolls (D:3)
  3 adders
  An adder skeleton (D:4)
  A worm (D:3)
  A dart slug (D:3)
  8 orcs
  A ball python (D:4)
  6 endoplasms
  A giant cockroach (D:4)
  5 goblins
  2 hobgoblins
  2 quokkas (D:2)
  3 bats
  3 frilled lizards
  6 kobolds
  2 rats
53 creatures vanquished.

Notes
Turn   | Place    | Note
-------+----------+-------------------------------------------
     0 | D:1      | Think the Octopode Fighter began the quest for the Orb.
     0 | D:1      | Reached XP level 1. HP: 16/16 MP: 1/1
   315 | D:1      | Reached XP level 2. HP: 16/21 MP: 2/2
   526 | D:1      | You fall into a shaft and drop 1 floor!
   919 | D:2      | Reached skill level 3 in Short Blades
  1190 | D:2      | Reached XP level 3. HP: 26/26 MP: 3/3
  2035 | D:3      | Reached skill level 4 in Short Blades
  2054 | D:3      | Found a glowing silver altar of Zin.
  2121 | D:3      | Reached XP level 4. HP: 23/31 MP: 4/4
  2208 | D:3      | Found a faded altar of an unknown god.
  2444 | D:3      | Found a blossoming altar of Fedhas.
  2614 | D:4      | Reached skill level 5 in Short Blades
  2614 | D:4      | Reached XP level 5. HP: 17/36 MP: 5/5
  2833 | D:4      | Noticed a necrophage
  2841 | D:4      | Killed a necrophage
  2842 | D:4      | Reached skill level 6 in Short Blades
  2842 | D:4      | Reached XP level 6. HP: 35/42 MP: 6/6
  2844 | D:4      | Noticed Grinder
  2855 | D:4      | Paralysed by Grinder for 4 turns
  2887 | D:4      | Killed Grinder
  2888 | D:4      | Reached skill level 7 in Short Blades
  2904 | D:4      | Reached XP level 7. HP: 33/46 MP: 7/7
  3001 | D:4      | Learned a level 2 spell: Searing Ray
  3336 | D:4      | Noticed Ijyb
  3341 | D:4      | Paralysed by Ijyb for 2 turns
  3350 | D:4      | Paralysed by Ijyb for 7 turns
  3354 | D:4      | HP: 1/46 [Ijyb (17)]
  3355 | D:4      | Slain by Ijyb

Illustrated notes

Levels and vault maps discovered:
D:1:      dpeg_arrival_chambers_temple_mockup, layout_loops_ring,
          kennysheep_pointless_box
D:2:      layout_basic
D:3:      layout_rooms, zin_academy, mainiacjoe_overflow_surrounded_room,
          hellmonk_ecumenical_altar_pennies_from_heaven
D:4:      minmay_bubble_buster, layout_loops_ring, uniq_ijyb, uniq_natasha,
          uniq_grinder

Skill      XL: |  1  2  3  4  5  6 |
---------------+-------------------+-----
Short Blades   | 3 4 5 6 7 |  7.7
Fighting       | |  3.0
Dodging        | |  3.0
Shields        | |  3.0

Action                   |  1- 3 |  4- 6 |  7- 9 || total
-------------------------+-------+-------+-------++-------
Melee: Rapier            |    51 |    45 |    14 ||   110
       Constrict         |    12 |     9 |     4 ||    25
       Tentacles         |     6 |     9 |     2 ||    17
  Use: Potion            |       |     5 |       ||     5
 Stab: Sleeping          |     8 |     1 |       ||     9
       Distracted        |     1 |       |       ||     1
Armor: Skin              |     3 |     2 |     3 ||     8
Dodge: Dodged            |    16 |    20 |     5 ||    41
Block: Buckler           |    10 |    10 |       ||    20

Table legend: (Time is in decaauts)
 A = Elapsed time spent in this place.
 B = Non-inter-level travel time spent in this place.
 C = Inter-level travel time spent in this place.
 D = Time resting spent in this place.
 E = Time spent auto-exploring this place.
 F = Levels seen in this place.
 G = Mean time per level.
                   A        B        C        D        E       F      G
               +--------+--------+--------+--------+--------+-----+--------+
         Total |   3352 |   3225 |    127 |    579 |   2243 |   4 |  838.0 |
       Dungeon |   3352 |   3225 |    127 |    579 |   2243 |   4 |  838.0 |
               +--------+--------+--------+--------+--------+-----+--------+

Top non-repeatable levels by time:
     D:2: 1162 daAuts
     D:4: 851 daAuts
     D:3: 810 daAuts
     D:1: 527 daAuts
